 Dungeon Crawl Stone Soup version bcrawl-1.12-11-gb93c957c58 (webtiles) character file.

Game seed: 3572455216693716417

16 JarielCorvus the Slasher (level 2, -5/19 HPs)
             Began as an Avariel Reaver on June 30, 2019.
             Was an Initiate of Vehumet.
             Slain by a worm (6 damage)
             ... on level 1 of the Dungeon.
             The game lasted 00:01:59 (375 turns).

JarielCorvus the Slasher (Avariel Reaver)            Turns: 375, Time: 00:02:00

Health: -5/19      AC:  5    Str:  9    XL:     2   Next: 54%
Magic:  8/8        EV: 13    Int: 19    God:    Vehumet [......]
Gold:   65         SH:  0    Dex: 11    Spells: 7/7 levels left

rFire    . . .     SeeInvis .   a - +0 long sword
rCold    . . .     Gourm    .   (no shield)
rNeg     . . .     Faith    .   b - +0 steam dragon scales
rPois    .         Spirit   .   (no helmet)
rElec    .         Reflect  .   (no cloak)
rCorr    .         Harm     .   (no gloves)
MR       .....                  (no boots)
Stlth    +.........             (no amulet)
HPRegen  0.06/turn              (no ring)
MPRegen  0.11/turn              (no ring)

@: no status effects
A: no striking features
a: Renounce Religion


You were on level 1 of the Dungeon.
You worshipped Vehumet.
Vehumet was noncommittal.
You were not hungry.

You visited 1 branch of the dungeon, and saw 1 of its levels.

You collected 65 gold pieces.

Inventory:

Hand Weapons
 a - a +0 long sword (weapon)
Armour
 b - +0 steam dragon scales (worn)
Scrolls
 d - a scroll of immolation
 g - a scroll of fear {unknown}
 h - a scroll of identify {unknown}
Potions
 c - 2 potions of haste
 e - a potion of cancellation {unknown}
Comestibles
 f - a ration {!d}


   Skills:
 * Level 3.0 Fighting
 + Level 3.4 Long Blades
 + Level 3.4 Dodging
 * Level 3.1 Spellcasting


You had 7 spell levels left.
You didn't know any spells.
Your spell library contained the following spells:

 Spells                   Type           Power        Failure   Level  Hunger
 Iskenderun's Battlesphe  Conj/Chrm      #.......     99%         5    ######.


Dungeon Overview and Level Annotations

Branches:
Dungeon (1/12)

Altars:


Message History

The worm is moderately wounded.
The worm closely misses you.
You barely miss the worm.
The worm is lightly wounded.
You hit the worm but do no damage.
The worm is lightly wounded.
The worm bites you but does no damage.
You hit the worm but do no damage.
The worm is lightly wounded.
You hit the worm.
The worm is moderately wounded.
The worm bites you!
* * * LOW HITPOINT WARNING * * *
You barely miss the worm.
The worm is moderately wounded.
The worm bites you but does no damage.
You barely miss the worm.
The worm is lightly wounded.
The worm bites you.
You die...

#.#.#M##
#...#.##†)....##.#.
###.####!#....##.#†...#.#
..
#K#.#n##.#....#.#.#..#.#.#
.
###.###...(....#.##..##.#.)
#h#.#e#
#..%....##....##....
###.### #.......#
.....#.... #6#.#f#
#.......# .....# .. ###.###
#.......##....## #c#.#a#
#..@...#.# ..## ###.###
#...w.#.#.# #T#.#O#
#.....##.#.. ###.###
#....#.##.... #N#.#H#
#...#.#...... ###.###
#...##...... #p#.#g# #..#$
.[... ###.### #.. . ....
#Q#.#p# #.. . ...


You could see a worm.

Vanquished Creatures
  A leopard gecko (D:1)
  2 giant cockroaches (D:1)
  A goblin (D:1)
  A hobgoblin (D:1)
  3 jackals (D:1)
  A ball python (D:1)
  3 frilled lizards (D:1)
  2 rats (D:1)
14 creatures vanquished.

Notes
Turn   | Place    | Note
-------+----------+-------------------------------------------
     0 | D:1      | JarielCorvus the Avariel Reaver began the quest for the
                  | Orb.
     0 | D:1      | Reached XP level 1. HP: 13/13 MP: 6/6
     2 | D:1      | Noticed an octopode
     2 | D:1      | Noticed a human
     4 | D:1      | Noticed a tengu
     4 | D:1      | Noticed a demigod
     6 | D:1      | Noticed a halfling
     6 | D:1      | Noticed a dwarf
     8 | D:1      | Noticed a naga
     8 | D:1      | Noticed a minotaur
    10 | D:1      | Noticed a troll
    10 | D:1      | Noticed an ogre
    12 | D:1      | Noticed a centaur
    12 | D:1      | Noticed a formicid
    14 | D:1      | Noticed a demonspawn
    14 | D:1      | Noticed a vine stalker
    16 | D:1      | Noticed a felid
    16 | D:1      | Noticed an elf
    18 | D:1      | Noticed a ghoul
    22 | D:1      | Noticed a gargoyle
    22 | D:1      | Noticed a vampire
    24 | D:1      | Noticed a merfolk
    24 | D:1      | Noticed a spriggan
    26 | D:1      | Noticed a draconian
    77 | D:1      | Reached XP level 2. HP: 9/18 MP: 8/8
   375 | D:1      | Slain by a worm

Skill      XL: |  1  2 |
---------------+-------+-----
Spellcasting   | 3 |  3.1
Fighting       | 3 |  3.0
Long Blades    | |  3.4
Dodging        | |  3.4

Action                   || total
-------------------------++-------
Melee: Long sword        ||    39
Armor: Steam dragon scal ||    13
Dodge: Dodged            ||    31
